 Dungeon Crawl Stone Soup version 0.23.2 (webtiles) character file.

Game seed: 2900972726626661849

32 Menchi the Conjurer (level 3, 0/20 HPs)
             Began as a Kobold Wanderer on Apr 2, 2019.
             Slain by an adder (3 damage)
             ... on level 2 of the Dungeon.
             The game lasted 00:07:40 (962 turns).

Menchi the Conjurer (Kobold Wanderer)                Turns: 962, Time: 00:07:40

Health: 0/20       AC:  2    Str:  8    XL:     3   Next: 42%
Magic:  2/3        EV: 14    Int: 14    God:
Gold:   54         SH:  5    Dex: 15    Spells: 1/2 levels left

rFire    . . .     SeeInvis .   j - +2 dagger (freeze)
rCold    . . .     Gourm    .   l - +0 buckler
rNeg     . . .     Faith    .   d - +0 robe
rPois    .         Spirit   .   (no helmet)
rElec    .         Reflect  .   (no cloak)
rCorr    +         Harm     .   (no gloves)
MR       .....                  (no boots)
Stlth    +.........             (no amulet)
HPRegen  0.06/turn              g - ring of resist corrosion
MPRegen  0.08/turn              (no ring)

@: lethally poisoned (0 -> -12), about to teleport
A: small, carnivore
a: no special abilities


You were on level 2 of the Dungeon.
You were completely stuffed.

You visited 1 branch of the dungeon, and saw 2 of its levels.

You collected 54 gold pieces.

Inventory:

Hand Weapons
 a - a +0 dagger
 j - a +2 dagger of freezing (weapon)
Armour
 d - a +0 robe (worn)
 l - a +0 buckler (worn)
Jewellery
 g - a ring of resist corrosion (left hand)
Scrolls
 h - a scroll of amnesia {unknown}
 i - a scroll of fog {unknown}
 m - a scroll of identify {unknown}
Potions
 c - a potion of curing
 e - a potion of degeneration {unknown}
 k - a potion of lignification {unknown}
 n - a potion of flight {unknown}
Comestibles
 f - a ration


   Skills:
 - Level 1.3 Fighting
 * Level 2.1 Short Blades
 + Level 2.0 Dodging
 * Level 1.9 Shields
 - Level 3.0 Unarmed Combat
 - Level 0.4 Spellcasting
 - Level 3.0 Conjurations


You had one spell level left.
You knew the following spells:

 Your Spells              Type           Power        Failure   Level  Hunger
a - Magic Dart            Conj           #...         11%         1    ##.....

Your spell library contained the following spells:

 Spells                   Type           Power        Failure   Level  Hunger
 Searing Ray              Conj           #.....       16%         2    ###....
 Dazzling Spray           Conj/Hex       #.....       52%         3    ####...
 Iskenderun's Mystic Bla  Conj           #.......     71%         4    #####..
 Force Lance              Conj/Tloc      #.......     90%         4    #####..
 Fulminant Prism          Conj/Hex       #.........   90%         4    #####..


Dungeon Overview and Level Annotations

Branches:
Dungeon (2/15)

Altars:
Ru


Innate Abilities, Weirdness & Mutations

You are small and have problems with some larger weapons.
You are carnivorous and can eat meat at any time.


Message History

The worm is severely wounded.
You hit the worm. You freeze the worm.
The worm is almost dead.
The worm bites you.
Okay, then.
You hit the worm. You freeze the worm.
You kill the worm!
Your Dodging skill increases to level 2!
You hit the adder but do no damage. The adder bites you.
You are poisoned.
The adder poisons you! The adder closely misses you.
You closely miss the adder.
You feel sick. The adder bites you.
* * * LOW HITPOINT WARNING * * *
You are more poisoned.
The adder poisons you!
As you read the scroll of teleportation, it crumbles to dust.
You feel strangely unstable.
* * * LOW HITPOINT WARNING * * *
You feel sick. The adder bites you.
You die...

#.# #.#
####.#
..#.# #.#.#
...####.#.#
#.........#
#.#####.###
#.wS@.#
#.#####
#.#######.
#.w.......
#.........
#.........
#.........
#.........
#.........


You could see an adder and a dart slug.

Vanquished Creatures
  An adder (D:2)
  A worm (D:2)
  3 giant cockroaches (D:2)
  6 goblins
  A hobgoblin (D:1)
  5 bats
  A frilled lizard (D:2)
  A kobold (D:1)
  2 rats
21 creatures vanquished.

Notes
Turn   | Place    | Note
-------+----------+-------------------------------------------
     0 | D:1      | Menchi the Kobold Wanderer began the quest for the Orb.
     0 | D:1      | Menchi set off with the following items: a +0 dagger, a
                  | scroll of teleportation, a potion of curing, a +0 robe, a
                  | ration; and the following spell memorised: Magic Dart; and
                  | the following spells available to memorise: Searing Ray,
                  | Dazzling Spray, Iskenderun's Mystic Blast, Force Lance,
                  | Fulminant Prism
     0 | D:1      | Reached XP level 1. HP: 12/12 MP: 1/1
   300 | D:1      | Reached skill level 1 in Short Blades
   300 | D:1      | Reached XP level 2. HP: 16/16 MP: 2/2
   587 | D:2      | Found a sacrificial altar of Ru.
   645 | D:2      | Reached XP level 3. HP: 10/20 MP: 1/3
   962 | D:2      | Slain by an adder

Skill      XL: |  1  2  3 |
---------------+----------+-----
Short Blades   | 1 2 |  2.1
Dodging        | 2 |  2.0
Fighting       | |  1.3
Shields        | |  1.9
Unarmed Combat | |  3.0
Spellcasting   | |  0.4
Conjurations   | |  3.0

Action                   || total
-------------------------++-------
Melee: Dagger            ||    84
 Cast: Magic Dart        ||     7
  Use: Scroll            ||     1
  Eat: Chunk             ||     9
Armor: Robe              ||    13
Dodge: Dodged            ||    52
Block: Buckler           ||    21
